 Dungeon Crawl Stone Soup version 0.29.1-15-g9cfb28693d (webtiles) character file.

Game seed: 11187465348832470358

480 Arctor the Digger (level 7, -3/36 HPs)
             Began as a Gargoyle Earth Elementalist on Feb 24, 2023.
             Killed by divine providence
             ... invoked by an orc priest
              (7 damage)
             ... on level 4 of the Dungeon.
             The game lasted 00:06:49 (4737 turns).

Arctor the Digger (Gargoyle Earth Elementalist)     Turns: 4737, Time: 00:06:50

Health: -3/36      AC:  9    Str: 10    XL:     7   Next: 12%
Magic:  7/12       EV: 13    Int: 20    God:
Gold:   154        SH:  0    Dex: 19    Spells: 8/12 levels left

rFire   + . .      SeeInvis .   t - +3 spear
rCold   . . .      Faith    .   (no shield)
rNeg    + . .      Spirit   .   a - +1 robe
rPois   ∞          Reflect  .   (no helmet)
rElec   +          Harm     .   d - scarf {+Inv}
rCorr   .          Rampage  .   (no gloves)
Will    .....                   (no boots)
Stlth   +.........              (no amulet)
HPRegen 0.12/turn               n - +6 ring of dexterity
MPRegen 0.13/turn               r - ring of protection from fire

@: confused
A: sickness immunity, AC +4, negative energy resistance 1, electricity
resistance, torment resistance 1, petrification resistance, iridescent scales 1,
agile 1, clever 1
a: Evoke Invisibility


You were on level 4 of the Dungeon.
You visited 1 branch of the dungeon, and saw 5 of its levels.

You collected 154 gold pieces.

Inventory:

Hand Weapons
 t - a +3 spear (weapon)
Missiles
 p - a throwing net
Armour
 a - a +1 robe (worn)
 d - a scarf of invisibility (worn)
Jewellery
 n - a +6 ring of dexterity (left hand)
 r - a ring of protection from fire (right hand)
Wands
 c - a wand of charming (7)
Scrolls
 e - 2 scrolls of fear
 f - 4 scrolls of teleportation
 i - a scroll of enchant armour
 k - a scroll of immolation
 l - a scroll of magic mapping {unknown}
 o - a scroll of amnesia {unknown}
 q - a scroll of poison {unknown}
 s - a scroll of brand weapon {unknown}
 u - a scroll of enchant weapon {unknown}
 v - a scroll of identify
 w - a scroll of silence {unknown}
Potions
 b - a potion of magic
 h - 3 potions of invisibility


   Skills:
 + Level 3.1 Dodging
 + Level 4.3 Stealth
 + Level 3.4 Spellcasting
 + Level 2.6 Transmutations
 + Level 5.2 Earth Magic


You had 8 spell levels left.
You knew the following spells:

 Your Spells              Type           Power      Damage    Failure   Level
a - Sandblast             Erth           48%        2d12      1%          1
b - Stone Arrow           Conj/Erth      26%        3d8       14%         3

Your spell library contained the following spells:

 Spells                   Type           Power      Damage    Failure   Level
 Passwall                 Tmut/Erth      15%        N/A       4%          2
 Shock                    Conj/Air       12%        1d3       14%         1
 Petrify                  Tmut/Erth      19%        N/A       26%         4
 Swiftness                Air            3%         N/A       38%         3
 Airstrike                Air            1%         2d(1-17)  80%         4


Dungeon Overview and Level Annotations

Branches:
Dungeon (5/15)
 Temple: D:4-7

Altars:
Ashenzari


Innate Abilities, Weirdness & Mutations

You are immune to sickness and miasma.
Your stone body is resilient. (AC +4)
You are immune to poison.
You resist negative energy. (rN+)
You are resistant to electric shocks. (rElec)
You are resistant to unholy torment.
You are immune to petrification.
You are partially covered in iridescent scales. (AC +2)
You are agile. (Dex +4, Str/Int -1)
Your mind is acute. (Int +4, Str/Dex -1)


Message History

Deactivating autopickup; reactivate with Ctrl-A.
It was a potion of curing.
You feel better.
The orc priest hits you but does no damage.
Something hits you.
* * * LOW HITPOINT WARNING * * *
Casting: Sandblast (safe; 1% risk of failure)
Confirm with . or Enter, or press ? or * to list all spells.
The spell is quite dangerous to miscast (14% risk of failure)!
Continue anyway?
Aiming: Stone Arrow (quite dangerous; 14% risk of failure)
Press: ? - help, Shift-Dir - straight line, f - orc priest
Aim: an orc priest, wielding a +0 hand axe and wearing a +0 ring mail (72% to hit)
The stone arrow hits the orc priest.
The orc priest is moderately wounded.
The orc priest hits you with a +0 hand axe.
* * * LOW HITPOINT WARNING * * *
You hear some strange, mumbled words.
You are confused.
You're too confused to cast spells.
An orc priest is nearby!
Okay, then.
You are too confused!
You're too confused to cast spells.
You hit the orc priest but do no damage.
The orc priest is moderately wounded.
The orc priest casts a cantrip, but nothing happens.
You hear some strange, mumbled words.
You are more confused.
Okay, then.
You are too confused!
Unknown command.
You are too confused!
The orc priest attacks as you move away!
The orc priest misses you. Something hits you but does no damage.
You bump into the rock wall.
The orc priest barely misses you. Something hits you but does no damage.
You hit the orc priest but do no damage.
The orc priest is moderately wounded.
The orc priest invokes the aid of Beogh against you.
Beogh smites you!
You die...

###### #.##.# ##.###..# #####.
#.##.####......# #.....
###.##.##......#.## #.###.
#.........######..####.###.
##.##.##.### ##......))<.
#...†.##...## #.#######.#
##...######).# #..####...# #..###
##o#######..#...### ###..####
#@{...####...##### ###.......#
#####.##..........
....#####.#######.......####...##
.#### #.........#...####...#...
.# ########..##'##÷...#####. .#
####.##...##...#####. ##
#..<..#♣8♣###........
########.#.###### #.####...
######..).......# #...####.


You could see an orc priest.

Vanquished Creatures
  A black bear (D:4)
  A scorpion (D:4)
  A jelly (D:4)
  An orc priest (D:4)
  A hound (D:4)
  An orc wizard (D:4)
  3 adders
  7 gnolls
  An ufetubus (D:3)
  The ghost of yourfavgirlally the Ruffian, a weakling FoTm (D:4)
  2 dart slugs
  16 orcs
  2 bats (D:1)
  12 endoplasms
  5 giant cockroaches
  6 goblins
  9 hobgoblins
  4 jackals (D:2)
  2 quokkas
  9 ball pythons
  5 frilled lizards
  9 kobolds
  8 rats
107 creatures vanquished.

Notes
Turn   | Place    | Note
-------+----------+-------------------------------------------
     0 | D:1      | Arctor the Gargoyle Earth Elementalist began the quest for
                  | the Orb.
     0 | D:1      | Reached XP level 1. HP: 10/10 MP: 3/3
   260 | D:1      | Reached skill level 1 in Transmutations
   260 | D:1      | Reached XP level 2. HP: 15/15 MP: 3/5
   730 | D:1      | Reached XP level 3. HP: 18/19 MP: 4/6
   901 | D:1      | Learned a level 3 spell: Stone Arrow
   911 | D:1      | Found a faded altar of an unknown god.
   969 | D:2      | Reached skill level 4 in Earth Magic
  1578 | D:2      | Reached XP level 4. HP: 24/24 MP: 5/7
  2069 | D:3      | Found a broken altar of Ashenzari.
  3076 | D:3      | Reached XP level 5. HP: 28/28 MP: 1/9
  3497 | D:4      | Found a runed translucent door.
  3573 | D:4      | Reached XP level 6. HP: 15/32 MP: 5/10
  3854 | D:4      | Identified the +11 quarterstaff of Distant Worlds {elec,
                  | Int+8}
  4046 | D:4      | Noticed a black bear
  4177 | D:4      | Reached skill level 5 in Earth Magic
  4243 | D:4      | Noticed yourfavgirlally's ghost (weakling FoTm)
  4448 | D:4      | Killed a black bear
  4449 | D:4      | Reached XP level 7. HP: 36/36 MP: 1/12
  4657 | D:4      | Killed yourfavgirlally's ghost
  4711 | D:5      | Entered Level 5 of the Dungeon
  4725 | D:5      | Gained mutation: Your mind is acute. (Int +4, Str/Dex -1)
                  | [potion of mutation]
  4725 | D:5      | Gained mutation: You are agile. (Dex +4, Str/Int -1)
                  | [potion of mutation]
  4725 | D:5      | Gained mutation: You are partially covered in iridescent
                  | scales. (AC +2) [potion of mutation]
  4737 | D:4      | Killed from afar by an orc priest

Illustrated notes

Levels and vault maps discovered:
D:1:      elethiomel_arrival_quiet, layout_rooms,
          shapermc_ecumenical_altar_hornbeckon
D:2:      layout_basic
D:3:      layout_basic, nicolae_ashenzari_skybound, kennysheep_generic_room_16
D:4:      layout_rooms, gammafunk_ghost_grave, st_stairs_14, minmay_misc_feat_x
D:5:      minmay_general_purpose_star, layout_rooms, kennysheep_big_empty_room,
          kennysheep_generic_room_13

Skill      XL: |  1  2  3  4  5  6 |
---------------+-------------------+-----
Transmutations | 1 2 |  2.6
Earth Magic    | 4 5 |  5.2
Dodging        | 2 3 |  3.1
Stealth        | 3 4 |  4.3
Spellcasting   | 3 |  3.4

Action                   |  1- 3 |  4- 6 |  7- 9 || total
-------------------------+-------+-------+-------++-------
Melee: Unarmed           |    10 |    22 |       ||    32
       Punch             |     1 |       |       ||     1
       Spear             |       |    17 |     5 ||    22
 Cast: Sandblast         |    54 |    91 |     4 ||   149
       Stone Arrow       |       |     3 |     3 ||     6
  Use: Scroll            |       |     5 |       ||     5
       Potion            |       |       |     4 ||     4
 Stab: Sleeping          |       |     2 |       ||     2
       Distracted        |       |     1 |       ||     1
Armor: Robe              |    12 |    47 |     6 ||    65
Dodge: Dodged            |    22 |    68 |     6 ||    96
